 Dungeon Crawl Stone Soup version 0.30-a0-373-gd37427bb62 (console) character file.

Game seed: 15991241731240988187

1124 petzl the Sneak (level 8, -1/61 HPs)
             Began as a Formicid Delver on Nov 23, 2022.
             Slain by a vampire
             ... wielding a +1 vampiric glaive
              (18 damage)
             ... in a bailey.
             The game lasted 00:28:53 (5649 turns).

petzl the Sneak (Formicid Delver)                   Turns: 5649, Time: 00:28:53

Health: -1/61      AC:  4    Str: 14 (16) XL:     8   Next: 61%
Magic:  0/13       EV: 12    Int: 11 (13) God:
Gold:   156        SH:  0    Dex: 13 (15) Spells: 11/14 levels left

rFire   . . .      SeeInvis +    b - +3 shortbow (chaos)
rCold   . . .      Faith    .    (no shield)
rNeg    + . .      Spirit   +    y - +0 leather armour
rPois   .          Reflect  .    (helmet unavailable)
rElec   .          Harm     .    (no cloak)
rCorr   .          Rampage  .    m - +0 pair of gloves
Will    .....                    (no boots)
Stlth   +++.......               g - amulet of guardian spirit
HPRegen 0.30/turn                B - ring of positive energy
MPRegen 0.13/turn                (no ring)

@: no status effects
A: permanent stasis, dig shafts and tunnels, antennae 3, four strong arms
a: Dig


You were in a bailey.
You visited 1 branch of the dungeon, and saw 11 of its levels.
You also visited: Bailey.

You collected 366 gold pieces.
You spent 210 gold pieces at shops.

Inventory:

Hand Weapons
 a - a +6 hand axe of electrocution {!f =f}
 b - a +3 shortbow of chaos (weapon)
 D - a +0 scimitar
 J - a +2 spear of flaming {!f =f}
Missiles
 o - 5 poisoned darts
Armour
 h - an orb of guile
 m - a +0 pair of gloves (worn)
 r - an orb of light
 y - a +0 leather armour (worn)
Jewellery
 g - an amulet of guardian spirit (around neck)
 B - a ring of positive energy (left hand)
Wands
 f - a wand of digging (3)
 F - a wand of charming (13)
Scrolls
 c - 2 scrolls of fog
 d - 3 scrolls of magic mapping
 i - 4 scrolls of immolation
 j - 2 scrolls of identify
 p - a scroll of enchant weapon
 x - a scroll of summoning {unknown}
 G - a scroll of enchant armour {unknown}
 I - a scroll of poison {unknown}
Potions
 k - a potion of ambrosia {unknown}
 n - a potion of heal wounds {unknown}
 q - 2 potions of might
 s - a potion of lignification
 w - a potion of brilliance {unknown}
 z - a potion of invisibility
 A - a potion of degeneration


   Skills:
 + Level 4.7 Fighting
 - Level 2.0 Maces & Flails
 * Level 3.2 Ranged Weapons
 + Level 3.0 Armour
 + Level 3.1 Dodging
 + Level 7.1 Stealth
 * Level 3.8 Spellcasting
 * Level 3.0 Conjurations
 * Level 4.2 Hexes


You had 11 spell levels left.
You knew the following spells:

 Your Spells              Type           Power      Damage    Failure   Level
a - Dazzling Flash        Conj/Hex       20%        N/A       21%         3

Your spell library contained the following spells:

 Spells                   Type           Power      Damage    Failure   Level
 Animate Armour           Summ/Erth      4%         N/A       96%         4
 Silence                  Hex/Air        3%         N/A       98%         5
 Agony                    Necr           2%         N/A       100%        5
 Blade Hands              Tmut           1%         N/A       100%        5
 Iron Shot                Conj/Erth      2%         9d2       100%        6


Dungeon Overview and Level Annotations

Branches:
Dungeon (11/15)            Bailey (1/1)
 Temple: D:4-7         Lair: D:8-11         Orc: D:9-12

Altars:
Ashenzari
Makhleb
Okawaru
Uskayaw
Yredelemnul
The Shining One

Shops:
D:2 (**

Annotations:
D:3 exclusion: downstairs, Sigmund
D:5 3 runed translucent doors, exclusion: downstairs, Blork the orc; Encipher's ghost, novice OpTm
D:9 Erica
D:10 3 runed translucent doors, exclusions: downstairs and vampire, themarg's ghost, journeyman DrCj


Innate Abilities, Weirdness & Mutations

You cannot be hasted, slowed, berserked, paralysed or teleported.
You can dig through walls and to a lower floor.
You have a pair of large antennae on your head. (SInv)
Your four strong arms can wield two-handed weapons with a shield.


Message History

Press: ? - help, Dir - look around, f - activate The vampire barely misses you.
Casting: Dazzling Flash (dangerous; 21% risk of failure)
Confirm with . or Enter, or press ? or * to list all spells.
Casting: Dazzling Flash (dangerous; 21% risk of failure)
Press: ? - help, Dir - look around, f - activate The vampire misses you.
Casting: Dazzling Flash (dangerous; 21% risk of failure)
Confirm with . or Enter, or press ? or * to list all spells.
Casting: Dazzling Flash (dangerous; 21% risk of failure)
Press: ? - help, Dir - look around, f - activate The vampire hits you from afar with a +1 vampiric glaive!
The vampire draws strength from your wounds!
You shoot an arrow.
The arrow hits the vampire but does no damage.
The vampire hits you from afar with a +1 vampiric glaive!
The vampire completely misses you.
Fire: b) +3 shortbow (chaos)
Press: ? - help, Q - select action, (/) - cycle Shift-Dir - straight line, f/p - vampire
Aim: a vampire, wielding a +1 vampiric glaive and wearing a +0 scale mail (strong, 68% to hit)
You shoot an arrow. The arrow barely misses the vampire.
The vampire hits you from afar with a +1 vampiric glaive!
* * * LOW HITPOINT WARNING * * *
Okay, then.
Unknown command.
Unknown command.
Unknown command.
Unknown command.
Unknown command.
Unknown command.
Unknown command.
Unknown command.
Unknown command.
Press: ? - help, v - describe, . - travel A gate leading back out of this place.
Unknown command.
Unknown command.
There is a gate leading back out of this place here.
The vampire hits you from afar with a +1 vampiric glaive!!
You die...

♣.....#'####..........##'###
♣..8..#)......♣.......#..#
♣♣..88#....♣...♣......'..#
♣....##...♣.........)####
♣.....#............)...#
♣♣.8..#.....♣♣.........#
♣....##........#..#.).#
♣♣.....#'#####+##..#...#
♣♣♣......#.......##.)#...#
♣≈≈......#)).....##..#...#
♣≈≈≈.....#'########..#...#
♣♣≈≈≈.............#..#####♣♣♣
♣♣≈≈≈≈≈≈≈≈≈≈≈≈≈≈≈#..#≈≈≈≈≈≈♣
♣♣♣≈≈≈≈≈≈≈≈≈≈≈≈≈#..#≈≈≈≈≈≈♣
♣♣♣♣♣♣♣♣♣#....#..#....#
##..........# ###.V.)..###
#........# #..@..∩..#
##......## ########


You could see a vampire (strong).

Vanquished Creatures
  A centaur (D:9)
  A phantom (D:4)
  7 vampire bats (Bailey)
  6 wolf zombies (Bailey)
  A gnoll bouda (D:5)
  An orc priest (D:9)
  2 hounds
  An iguana (D:5)
  An orc wizard (D:5)
  10 gnolls
  5 adders
  An ufetubus (D:5)
  4 dart slugs
  15 orcs
  5 endoplasms
  2 giant cockroaches
  5 goblins
  3 hobgoblins
  A quokka (D:4)
  3 ball pythons
  A frilled lizard (D:1)
  12 kobolds
  16 orc zombies (Bailey)
  2 rats (D:1)
106 creatures vanquished.

Vanquished Creatures (others)
  6 plants (D:1)
6 creatures vanquished.

Grand Total: 112 creatures vanquished

Notes
Turn   | Place    | Note
-------+----------+-------------------------------------------
     0 | D:5      | petzl the Formicid Delver began the quest for the Orb.
     0 | D:5      | Reached XP level 1. HP: 18/18 MP: 1/1
     0 | D:5      | Noticed a hornet zombie
    82 | D:6      | Noticed an ogre
   139 | D:5      | Noticed Blork the orc
   249 | D:3      | Found a burning altar of Makhleb.
   501 | D:3      | You fall into a shaft and drop 2 floors!
   626 | D:6      | Noticed an iguana
   715 | D:3      | Reached XP level 2. HP: 24/24 MP: 2/2
   986 | D:1      | Found a faded altar of an unknown god.
  1142 | D:1      | Reached skill level 1 in Spellcasting
  1373 | D:1      | Reached XP level 3. HP: 29/29 MP: 4/4
  1750 | D:2      | Found Oxteucs's Weapon Shoppe.
  1773 | D:1      | Reached skill level 1 in Armour
  1822 | D:1      | Learned a level 3 spell: Dazzling Flash
  1830 | D:2      | Bought a +0 shortbow for 33 gold pieces
  1833 | D:2      | Found Iniw's General Store.
  1858 | D:2      | You fall into a shaft and drop 1 floor!
  2147 | D:2      | Bought a scroll of enchant weapon for 82 gold pieces
  2182 | D:2      | Reached XP level 4. HP: 25/35 MP: 3/6
  2299 | D:2      | Reached skill level 1 in Hexes
  2316 | D:2      | Found a glowing golden altar of the Shining One.
  2437 | D:2      | Found Paegawk's General Store.
  2446 | D:2      | Bought a scroll of brand weapon for 95 gold pieces
  2517 | D:2      | Reached XP level 5. HP: 41/41 MP: 7/7
  2726 | D:3      | Noticed Sigmund
  2841 | D:4      | Noticed a phantom
  2946 | D:4      | Killed a phantom
  2947 | D:4      | Reached skill level 1 in Ranged Weapons
  2947 | D:4      | Reached skill level 1 in Conjurations
  3071 | D:4      | Reached XP level 6. HP: 40/48 MP: 3/9
  3526 | D:5      | Found an iron altar of Okawaru.
  3537 | D:5      | Found a basalt altar of Yredelemnul.
  3768 | D:5      | Reached XP level 7. HP: 40/54 MP: 6/10
  3829 | D:5      | Noticed Encipher's ghost (novice OpTm)
  4002 | D:5      | Found a hide-covered altar of Uskayaw.
  4037 | D:5      | You fall into a shaft and drop 2 floors!
  4076 | D:7      | You fall into a shaft and drop 3 floors!
  4076 | D:10     | Entered Level 10 of the Dungeon
  4076 | D:10     | Found a broken altar of Ashenzari.
  4195 | D:11     | Noticed a yak
  4197 | D:11     | Noticed a yak
  4211 | D:11     | Noticed a yak
  4262 | D:10     | Noticed a vampire
  4313 | D:10     | Found a runed translucent gate.
  4314 | D:10     | Found a runed translucent gate.
  4315 | D:10     | Found a runed translucent gate.
  4316 | D:10     | Noticed themarg's ghost (journeyman DrCj)
  4317 | D:10     | Noticed a warg
  4396 | D:8      | Noticed a steam dragon
  4545 | D:9      | Noticed Erica
  4629 | D:9      | Found a flagged portal.
  4641 | Bailey   | Entered a bailey
  4912 | Bailey   | Reached XP level 8. HP: 43/61 MP: 7/12
  4996 | Bailey   | Reached skill level 7 in Stealth
  5442 | Bailey   | Noticed a vampire
  5649 | Bailey   | Slain by a vampire

Illustrated notes

Levels and vault maps discovered:
D:1:      dpeg_arrival_concentric_ovals, layout_loops_ring,
          chequers_ecumenical_altar_grove, hangedman_decor_growths,
          lexackson_kobold_supper
D:2:      layout_rooms, serial_shops, nicolae_shop_hallway_plus, shop,
          nicolae_shop_waterfront, basic_altar, chequers_serial_rivers_micro_d,
          minmay_tree_intersection
D:3:      minmay_goblin_kobold_castle, layout_loops_corners,
          nicolae_overflow_crystal_walls, uniq_sigmund
D:4:      layout_rooms, minmay_bisected
D:5:      layout_basic, general_overflow_altar, amethyst_overflow_temple_binary,
          gammafunk_ghost_necromancy, uniq_blork_the_orc
D:6:      layout_loops_cross, minmay_temple_entry_grid,
          kennysheep_generic_room_8
D:7:      layout_cave_pools, slow_altar_1, abandoned_shop,
          nicolae_lava_and_water
D:8:      layout_basic, grunt_temple_overflow_open,
          grunt_lair_entry_orc_guard_hut, grunt_ministairs_8,
          hangedman_decor_clover_reticule
D:9:      layout_stronghold, old_standard_altar, enter_bailey_2, uniq_erica
D:10:     layout_loops_cross, ashenzari_altar_1, biasface_ghost_orc_armoury,
          uniq_urug
D:11:     minmay_mutant_horseshoe, layout_loops_corners, minmay_radiant
Bailey:   bailey_polearm_vampire_castle_hellmonk, bailey

Skill      XL: |  1  2  3  4  5  6  7  8 |
---------------+-------------------------+-----
Dodging        | 2 3 |  3.1
Spellcasting   | 1 2 3 |  3.8
Armour         | 1 2 3 |  3.0
Hexes          | 1 2 3 4 |  4.2
Ranged Weapons | 1 2 3 |  3.2
Conjurations   | 1 2 3 |  3.0
Fighting       | 4 |  4.7
Stealth        | 7 |  7.1
Maces & Flails | |  2.0

Action                   |  1- 3 |  4- 6 |  7- 9 || total
-------------------------+-------+-------+-------++-------
Melee: Long sword        |    45 |       |       ||    45
       Scimitar          |     6 |    11 |       ||    17
       Hand axe          |       |       |    46 ||    46
       Punch             |       |       |     1 ||     1
 Fire: Shortbow          |    17 |    84 |   128 ||   229
 Cast: Dazzling Flash    |       |       |     4 ||     4
 Abil: Shaft Self        |     2 |       |     2 ||     4
Evoke: Wand              |       |       |     2 ||     2
  Use: Scroll            |     3 |     6 |     2 ||    11
       Potion            |       |       |     9 ||     9
 Stab: Sleeping          |     3 |     1 |     1 ||     5
Armor: Leather armour    |    15 |     8 |    48 ||    71
       Skin              |       |       |     8 ||     8
Dodge: Dodged            |    37 |    20 |   140 ||   197

Table legend: (Time is in decaauts)
 A = Elapsed time spent in this place.
 B = Non-inter-level travel time spent in this place.
 C = Inter-level travel time spent in this place.
 D = Time resting spent in this place.
 E = Time spent auto-exploring this place.
 F = Levels seen in this place.
 G = Mean time per level.
                   A        B        C        D        E       F      G
               +--------+--------+--------+--------+--------+-----+--------+
         Total |   5775 |   5611 |    164 |   1130 |   2372 |  12 |  481.2 |
       Dungeon |   4734 |   4570 |    164 |    545 |   2355 |  11 |  430.4 |
        Bailey |   1041 |   1041 |      0 |    585 |     17 |   1 | 1041.0 |
               +--------+--------+--------+--------+--------+-----+--------+

Top non-repeatable levels by time:
  Bailey: 1041 daAuts
     D:1: 1040 daAuts
     D:3: 837 daAuts
     D:4: 770 daAuts
     D:5: 683 daAuts
     D:2: 609 daAuts
     D:9: 295 daAuts
     D:6: 175 daAuts
    D:11: 170 daAuts
    D:10: 96 daAuts
     D:7: 42 daAuts
     D:8: 14 daAuts
